 Dungeon Crawl Stone Soup version 0.27.1-35-g4d5d836560 (console) character file.

Game seed: 4694271999085672408

1206 Faeu the Ruffian (level 8, -3/67 HPs)
             Began as a Troll Warper on May 13, 2022.
             Was a Believer of Hepliaklqana.
             Slain by a cane toad (shapeshifter) (20 damage)
             ... on level 8 of the Dungeon.
             The game lasted 00:23:22 (4408 turns).

Faeu the Ruffian (Troll Warper)                     Turns: 4408, Time: 00:23:23

Health: -3/67      AC:  2    Str: 22    XL:     8   Next: 21%
Magic:  9/9        EV: 10    Int:  9    God:    Hepliaklqana [**....]
Gold:   246        SH:  0    Dex:  9    Spells: 8/10 levels left

rFire    . . .     SeeInvis .   b - +5 bardiche {protect, rN+, polearm}
rCold    + . .     Faith    .   (shield currently unavailable)
rNeg     + . .     Spirit   .   (armour restricted)
rPois    .         Reflect  .   (helmet restricted)
rElec    .         Harm     .   (no cloak)
rCorr    .         Rampage  .   (gloves unavailable)
Will     .....                  (boots unavailable)
Stlth    +.........             (no amulet)
HPRegen  1.21/turn              n - ring of protection from cold
MPRegen  0.11/turn              h - ring of flight

@: flying
A: reduced essence, large, unfitting armour, claws 3, regeneration 1, shaggy fur
1, tough skin 1
a: Renounce Religion, Recall Ancestor, Ancestor Identity


You were on level 8 of the Dungeon.
You worshipped Hepliaklqana.
Hepliaklqana was pleased with you.
You visited 2 branches of the dungeon, and saw 9 of its levels.

You collected 246 gold pieces.


Innate Abilities, Weirdness & Mutations

Your life essence is reduced to manifest your ancestor. (-10% HP)
You are too large for most types of armour.
You have claws for hands.
Your natural rate of healing is unusually fast.
You are covered in fur. (AC +1)
You have tough skin. (AC +1)


   Skills:
 + Level 3.5 Fighting
 + Level 0.7 Polearms
 + Level 3.5 Throwing
 + Level 3.7 Dodging
 + Level 4.4 Unarmed Combat
 - Level 1.5 Spellcasting
 + Level 3.6 Translocations
 + Level 3.1 Earth Magic


You had 8 spell levels left.
You knew the following spells:

 Your Spells              Type           Power      Damage    Failure   Level
a - Blink                 Tloc           N/A        N/A       12%         2

Your spell library contained the following spells:

 Spells                   Type           Power      Damage    Failure   Level
 Gell's Gravitas          Tloc           3%         N/A       24%         3
 Lesser Beckoning         Tloc           3%         N/A       24%         3
 Teleport Other           Tloc           7%         N/A       24%         3
 Slow                     Hex            0%         N/A       47%         2
 Confusing Touch          Hex            0%         N/A       71%         3
 Inner Flame              Hex/Fire       0%         N/A       71%         3
 Manifold Assault         Tloc           7%         N/A       91%         5
 Cause Fear               Hex            0%         N/A       98%         4
 Yara's Violent Unravell  Hex/Tmut       0%         3d3       100%        5
 Discord                  Hex            0%         N/A       100%        8

Inventory:

Hand Weapons
 a - the +11 hunting sling of Upoxas {flame, rPois, sling}
   (You found it on level 5 of the Dungeon)

   Any ammunition fired from it burns those it strikes, dealing additional fire
   damage.
   rPois:     It protects you from poison.
 b - the +5 bardiche of Resourcefulness (weapon) {protect, rN+, polearm}
   (You found it on level 6 of the Dungeon)

   It grants its wielder temporary protection when it strikes (+7 to AC).
   rN:        It protects you from negative energy.
 o - a +0 dagger {short}
   (You took it off a goblin on level 4 of the Dungeon)
 w - a +0 hand axe of flaming {axe}
   (You found it on level 4 of the Dungeon)
Missiles
 c - 5 boomerangs of dispersal (quivered) {=f!fthrowing}
 d - 247 stones {throwing}
 i - 43 arrows
 j - 22 bolts
 l - 30 sling bullets
 p - 7 atropa-tipped darts {throwing}
Armour
 y - the +1 robe of Guuxai {Rampage rCorr Str+6 Int-2}
   (You found it on level 5 of the Dungeon)

   Str:       It affects your strength (+6).
   Int:       It affects your intelligence (-2).
   rCorr:     It protects you from acid and corrosion.
   Rampage:   It bestows one free step when moving towards enemies.
Jewellery
 h - a ring of flight (right claw)
   (You found it on level 5 of the Dungeon)
 n - a ring of protection from cold (left claw)
   (You found it on level 5 of the Dungeon)
Scrolls
 e - a scroll of brand weapon {unknown}
 f - 5 scrolls of teleportation {unknown}
 g - a scroll of blinking {!r}
 k - a scroll of amnesia {unknown}
 m - 4 scrolls of identify {unknown}
 r - a scroll of enchant armour {unknown}
 s - a scroll of summoning {unknown}
 u - 2 scrolls of holy word {unknown}
 x - a scroll of fear {unknown}
Potions
 q - a potion of attraction {unknown}
 v - 2 potions of magic {unknown}

Dungeon Overview and Level Annotations

Branches:
Dungeon (9/15)             Temple (1/1) D:4
   Lair: D:8-11         Orc: D:9-12

Altars:
Ashenzari
Cheibriados
Dithmenos
Elyvilon
Fedhas
Hepliaklqana
Kikubaaqudgha
Nemelex Xobeh
Okawaru
Qazlal
Uskayaw
Vehumet
Wu Jian
Xom
Zin
The Shining One

Annotations:
D:9 Maggie, Maurice

#. #....#.# #.#
###..#.# #.. #..#.#
#.####..#..
#.......### ##..##.##
#..##.# ###
#.###..##.# #..
#......##.# #.#
######..#.# #.# #
#######.#.####@###.#.
............c.F.......
#######...####R#....##
##..# #.#.#..# #..#
#.#.# .#
#.c####.#.#..###.
#.>......R#......
#######.#......#
#.#.###### #.#.Nc#
#.....#..#


You could see the friendly Synnove the hexer, a centaur warrior and a cane toad
(ally target).


Message History

The centaur warrior hits you!
* * * LOW HITPOINT WARNING * * *
The centaur warrior kicks you.
* * * LOW HITPOINT WARNING * * *
😨 HP[-19] MP[-2]
You take 19 damage, and now have 28/67 hp.
MASSIVE DAMAGE!! (PAUSE)
You lost 2 mp, and now have 7/9 mp.
You slash the centaur warrior!
Your weapon exudes an aura of protection.
The centaur warrior hits you but does no damage.
The centaur warrior kicks you but does no damage.
A salamander comes into view.
The centaur warrior hits you.
* * * LOW HITPOINT WARNING * * *
The centaur warrior barely misses you.
The centaur warrior hits you but does no damage.
The centaur warrior kicks you but does no damage. 😨 HP[-2]
You take 2 damage, and now have 26/67 hp.
You hit the centaur warrior.
The centaur warrior hits you but does no damage.
The centaur warrior barely misses you. The centaur warrior hits you.
* * * LOW HITPOINT WARNING * * *
The centaur warrior kicks you but does no damage.
The centaur warrior hits you.
* * * LOW HITPOINT WARNING * * *
The centaur warrior kicks you but does no damage. 😨 HP[-7]
You take 7 damage, and now have 19/67 hp.
The centaur warrior wields a +0 longbow.
The centaur warrior shoots an arrow.
The arrow barely misses you.
Synnove hits the salamander with a +0 dagger of draining.
Synnove drains the salamander. 😨 HP[+1] 😨 HP[+2]
You regained 2 hp, and now have 22/67 hp.
The salamander misses Synnove. 😨 HP[+1]
Something hits Synnove.
Synnove is engulfed in flames.
Synnove resists. 😨 HP[+1] 😨 HP[+1] MP[+1] 😨 HP[+1] Synnove casts a spell at the centaur warrior.
The salamander appears confused. 😨 HP[+2]
You regained 2 hp, and now have 28/67 hp.
The salamander barely misses the centaur warrior. 😨 HP[+1]
The salamander hits Synnove!
Synnove is engulfed in flames.
Synnove resists.
There is a stone staircase leading down here. 😨 HP[+1]
The centaur warrior shoots an arrow.
The arrow hits Synnove.
Synnove hits the salamander with a +0 dagger of draining!
You fly downwards.
There is a stone staircase leading up here. 😨 HP[+2]
You regained 2 hp, and now have 32/67 hp.
Maurice the Thief comes into view.
He is wielding a +2 dagger of draining and carrying a wand of flame (19).
Maurice shouts!
Maurice says, "Nice gear.
Can I borrow some?" 😨 HP[+1]
There is a stone staircase leading up here. 😮 HP[+2]
You regained 2 hp, and now have 35/67 hp.
You fly upwards.
The centaur warrior shoots an arrow.
The arrow hits you!
* * * LOW HITPOINT WARNING * * *
Synnove hits the salamander with a +0 dagger of draining.
The salamander completely misses the centaur warrior.
There is a stone staircase leading down here. 😨 HP[-6] MP[+1]
You take 6 damage, and now have 29/67 hp.
Your mp is fully restored (9).
Synnove hits the salamander with a +0 dagger of draining.
The centaur warrior shoots an arrow.
The arrow completely misses you. 😨 HP[+1] 😨 HP[+1] 😨 HP[+1] 😨 HP[+1]
The centaur warrior shoots an arrow.
The arrow barely misses you. 😮 HP[+2]
You regained 2 hp, and now have 35/67 hp. 😮 HP[+1] 😮 HP[+1]
A cane toad comes into view. 😮 HP[+1]
You barely miss the cane toad.
The centaur warrior shoots an arrow.
The arrow hits you!
* * * LOW HITPOINT WARNING * * *
The cane toad barely misses you. The cane toad misses you.
Synnove barely misses the cane toad.
The centaur warrior shoots an arrow.
The arrow hits you!
* * * LOW HITPOINT WARNING * * *
😱 HP[-22]
You take 22 damage, and now have 16/67 hp.
MASSIVE DAMAGE!! (PAUSE)
The cane toad stings you!!
You die...

Skill      XL: |  1  2  3  4  5  6  7  8 |
---------------+-------------------------+-----
Dodging        | 2 3 |  3.7
Throwing       | 1 2 3 |  3.5
Fighting       | 2 3 |  3.5
Unarmed Combat | 3 4 |  4.4
Earth Magic    | 1 2 3 |  3.1
Translocations | 3 |  3.6
Polearms       | |  0.7
Spellcasting   | |  1.5

Action                   |  1- 3 |  4- 6 |  7- 9 || total
-------------------------+-------+-------+-------++-------
Melee: Unarmed           |    75 |   171 |    73 ||   319
       Punch             |     3 |     2 |     2 ||     7
       Bardiche          |       |       |    15 ||    15
 Fire: Hunting sling     |       |       |    17 ||    17
Invok: Recall Ancestor   |       |       |     1 ||     1
       Ancestor Life: He |       |       |     1 ||     1
  Use: Potion            |       |     1 |       ||     1
 Stab: Sleeping          |     1 |       |       ||     1
Armor: Robe              |    20 |    84 |       ||   104
       Skin              |       |       |    18 ||    18
Dodge: Dodged            |    42 |    98 |    44 ||   184

Levels and vault maps discovered:
D:1:      dpeg_arrival_fog, layout_basic
D:2:      layout_basic, shapermc_ecumenical_altar_notcrosses, uniq_sigmund
D:4:      layout_layer_cave, lemuel_crystal_altar,
          mainiacjoe_overflow_tiny_flanked, mainiacjoe_overflow_alcove_4,
          minmay_temple_entry_large_hall, uniq_eustachio
D:5:      layout_gridville, nicolae_wu_jian_wuxing_cycle
D:6:      layout_rooms, nicolae_overflow_hidden_temple, kennysheep_dice
D:7:      layout_rooms, minmay_misc_feat_five
D:8:      minmay_cornered_nines, layout_basic
D:9:      layout_cave_pools, kennysheep_mini, serial_shops, shop, uniq_maurice,
          uniq_maggie
Temple:   minmay_temple_curvy_loop

Notes
Turn   | Place    | Note
-------+----------+-------------------------------------------
     0 | D:1      | Faeu the Troll Warper began the quest for the Orb.
     0 | D:1      | Reached XP level 1. HP: 19/19 MP: 1/1
     0 | D:1      | magus.rc [v1.9.6]
    32 | D:1      | Reached skill level 2 in Dodging
    96 | D:1      | Reached skill level 1 in Throwing
   278 | D:1      | Reached XP level 2. HP: 28/28 MP: 3/3
   921 | D:2      | You pick up a book of Hexes and begin reading...
   921 | D:2      | You add the spells Inner Flame, Cause Fear and Discord to
                  | your library.
   948 | D:2      | You fall into a shaft and drop 2 floors!
   960 | D:4      | Reached skill level 2 in Fighting
   960 | D:4      | Reached XP level 3. HP: 31/35 MP: 4/4
  1082 | D:4      | Found a white marble altar of Elyvilon.
  1264 | D:4      | Reached XP level 4. HP: 30/42 MP: 5/5
  1369 | D:4      | HP: 8/42 [iguana (10)]
  1370 | D:4      | HP: 3/42 [iguana (6)]
  1461 | D:4      | Found a broken altar of Ashenzari.
  1464 | D:4      | Found a staircase to the Ecumenical Temple.
  1478 | Temple   | Entered the Ecumenical Temple
  1689 | Temple   | Became a worshipper of Hepliaklqana the Forgotten
  2095 | D:4      | Found a blossoming altar of Fedhas.
  2095 | D:4      | Noticed Eustachio
  2195 | D:4      | HP: 7/42 [iron imp[Eustachio] (8)]
  2201 | D:4      | HP: 8/42 [quasit[Eustachio] (1)]
  2203 | D:4      | Lost dexterity.
  2216 | D:4      | Killed Eustachio
  2217 | D:4      | Reached skill level 2 in Throwing
  2217 | D:4      | Reached skill level 3 in Unarmed Combat
  2217 | D:4      | Reached skill level 1 in Earth Magic
  2217 | D:4      | Reached XP level 5. HP: 32/50 MP: 6/6
  2287 | D:4      | Reached XP level 6. HP: 59/59 MP: 7/7
  2557 | D:5      | Entered Level 5 of the Dungeon
  2611 | D:5      | Noticed a water moccasin
  2627 | D:5      | Killed a water moccasin
  2628 | D:5      | Reached skill level 3 in Translocations
  2734 | D:5      | Reached skill level 3 in Dodging
  2767 | D:5      | Reached skill level 2 in Earth Magic
  2785 | D:5      | Reached * piety under Hepliaklqana
  2789 | D:5      | You pick up a book of Misfortune and begin reading...
  2789 | D:5      | You add the spells Slow, Confusing Touch and Yara's Violent
                  | Unravelling to your library.
  2885 | D:5      | Identified the +1 robe of Guuxai {Rampage rCorr Str+6
                  | Int-2}
  2930 | D:5      | Reached XP level 7. HP: 59/59 MP: 8/8
  2969 | D:5      | Identified the +11 hunting sling of Upoxas {flame, rPois}
  3011 | D:5      | Learned a level 2 spell: Blink
  3043 | D:5      | Reached skill level 3 in Fighting
  3107 | D:5      | Found an ornate altar of the Wu Jian Council.
  3591 | D:6      | Reached skill level 3 in Throwing
  3597 | D:6      | Reached skill level 4 in Unarmed Combat
  3747 | D:6      | Found an ancient bone altar of Kikubaaqudgha.
  3869 | D:6      | HP: 13/60 [orc priest/divine providence (12)]
  3874 | D:6      | HP: 10/60 [orc priest (1)]
  4021 | D:6      | Identified the +5 bardiche of Resourcefulness {protect,
                  | rN+}
  4155 | D:6      | Reached XP level 8. HP: 64/67 MP: 9/9
  4182 | D:6      | Reached skill level 3 in Earth Magic
  4206 | D:6      | Reached ** piety under Hepliaklqana
  4208 | D:6      | Remembered your ancestor Synnove as a hexer
  4379 | D:8      | Noticed a centaur warrior
  4382 | D:8      | Noticed a salamander
  4395 | D:9      | Noticed Maurice
  4397 | D:9      | Noticed Maggie
  4406 | D:8      | Noticed a cane toad
  4407 | D:8      | HP: 16/67 [centaur warrior/arrow (10)]
  4408 | D:8      | Slain by a cane toad (shapeshifter)

Vanquished Creatures
  Eustachio (D:4)
  A water moccasin (D:5)
  A sky beast (D:6)
  A phantom (D:5)
  2 scorpions (D:6)
  2 bullfrog zombies (D:5)
  An orc priest (D:6)
  A gnoll shaman (D:6)
  4 hounds
  4 orc wizards (D:6)
  3 iguanas
  7 gnolls
  2 howler monkey skeletons (D:5)
  An adder (D:4)
  A white imp (D:5)
  2 dart slugs (D:1)
  6 orcs
  5 endoplasms
  3 giant cockroaches
  3 goblins
  A hobgoblin (D:4)
  3 jackals (D:4)
  2 kobolds
  A quokka (D:1)
  4 ball pythons
  4 bats (D:1)
  A rat (D:1)
67 creatures vanquished.

Vanquished Creatures (collateral kills)
  A water moccasin skeleton (D:6)
  An orc priest (D:6)
  2 adders
  3 orcs
7 creatures vanquished.

Vanquished Creatures (others)
  An orc wizard (D:6)
1 creature vanquished.

Grand Total: 75 creatures vanquished

Table legend:
 A = Non-vault XP
 B = Vault XP
 C = Vault XP percentage of total XP
 D = Non-vault monster count
 E = Vault monster count
 F = Vault count percentage of total count
                 A         B        C        D         E       F
            +---------+---------+-------+---------+---------+-------
      Total |    1465 |     258 |  15.0 |      73 |       2 |   2.7
            +---------+---------+-------+---------+---------+-------
        D:1 |      31 |       0 |   0.0 |      17 |       0 |   0.0
        D:2 |       3 |       0 |   0.0 |       2 |       0 |   0.0
        D:4 |     191 |     191 |  50.0 |      15 |       1 |   6.2
        D:5 |     489 |       0 |   0.0 |      13 |       0 |   0.0
        D:6 |     748 |      67 |   8.2 |      25 |       1 |   3.8
        D:7 |       3 |       0 |   0.0 |       1 |       0 |   0.0
            +---------+---------+-------+---------+---------+-------

Illustrated notes

Table legend:
 A = Kills in this place as a percentage of kills in entire the game.
 B = Kills by you in this place as a percentage of kills by you in the entire game.
 C = Kills by friends in this place as a percentage of kills by friends in the entire game.
 D = Other kills in this place as a percentage of other kills in the entire game.
 E = Experience gained in this place as a percentage of experience gained in the entire game.
 F = Experience gained in this place divided by the number of levels of this place that you have seen.
                   A       B       C       D       E      F
               +-------+-------+-------+-------+-------+----------------------
         Total | 100.0 | 100.0 | 100.0 | 100.0 | 100.0 | 191.4
       Dungeon | 100.0 | 100.0 | 100.0 | 100.0 | 100.0 | 215.4
               +-------+-------+-------+-------+-------+----------------------

Table legend: (Time is in decaauts)
 A = Elapsed time spent in this place.
 B = Non-inter-level travel time spent in this place.
 C = Inter-level travel time spent in this place.
 D = Time resting spent in this place.
 E = Time spent auto-exploring this place.
 F = Levels seen in this place.
 G = Mean time per level.
                   A        B        C        D        E       F      G
               +--------+--------+--------+--------+--------+-----+--------+
         Total |   4413 |   4180 |    233 |     60 |   2709 |   9 |  490.3 |
       Dungeon |   4190 |   3985 |    205 |     60 |   2530 |   8 |  523.8 |
        Temple |    222 |    194 |     28 |      0 |    179 |   1 |  222.0 |
               +--------+--------+--------+--------+--------+-----+--------+

Top non-repeatable levels by time:
     D:4: 1394 daAuts
     D:5: 944 daAuts
     D:1: 908 daAuts
     D:6: 779 daAuts
  Temple: 222 daAuts
     D:8: 87 daAuts
     D:2: 37 daAuts
     D:7: 36 daAuts
     D:9: 3 daAuts
